 Dungeon Crawl Stone Soup version 0.22.1-1-ga44c0e56f4 (webtiles) character file.

7966 Grim the Fighter (level 11, -1/102 HPs)
             Began as a Minotaur Berserker on Oct 20, 2018.
             Was a High Priest of Trog.
             Slain by a catoblepas (12 damage)
             ... on level 9 of the Dungeon.
             The game lasted 00:21:38 (11192 turns).

Grim the Fighter (Minotaur Berserker)              Turns: 11192, Time: 00:21:38

Health: -1/102     AC:  8    Str: 23    XL:     11   Next: 3%
Magic:  10/10      EV:  2    Int:  5    God:    Trog [*****.]
Gold:   330        SH:  0    Dex: 16    Spells: 10/10 levels left

rFire    . . .     SeeInvis .   n - +0 scimitar (flame)
rCold    . . .     Gourm    .   (no shield)
rNeg     + + +     Faith    .   q - +0 leather armour
rPois    ∞         Spirit   .   (helmet restricted)
rElec    .         Reflect  .   u - +0 cloak
rCorr    .         Harm     .   H - +0 pair of gloves
MR       +....                  p - +0 pair of boots
Stlth    ++........             (no amulet)
HPRegen  0.27/turn              G - ring of poison resistance
MPRegen  0.12/turn              w - ring of protection from magic

@: agile, petrified, berserk cooldown, slowed
A: retaliatory headbutt, horns 2
a: Berserk, Trog's Hand, Brothers in Arms, Renounce Religion


You were on level 9 of the Dungeon.
You worshipped Trog.
Trog was extremely pleased with you.
You were near starving.

You visited 1 branch of the dungeon, and saw 9 of its levels.

You collected 555 gold pieces.
You spent 225 gold pieces at shops.

Inventory:

Hand Weapons
 a - a +3 great sword
 n - a +0 scimitar of flaming (weapon)
 A - a +0 shortbow
Missiles
 B - 89 arrows
Armour
 p - a +0 pair of boots (worn)
 q - a +0 leather armour (worn)
 u - a +0 cloak (worn)
 H - a +0 pair of gloves (worn)
Jewellery
 w - a ring of protection from magic (right hand)
 D - an uncursed ring of protection from magic
 G - a ring of poison resistance (left hand)
 J - an uncursed ring of see invisible
Wands
 F - a wand of random effects (19)
 M - a wand of scattershot (3)
Scrolls
 e - 2 scrolls of magic mapping {unknown}
 f - 2 scrolls of amnesia {unknown}
 h - 2 scrolls of remove curse
 k - a scroll of immolation {unknown}
 m - 2 scrolls of fog
 r - a scroll of enchant weapon {unknown}
 x - a scroll of enchant armour {unknown}
 y - a scroll of blinking {unknown}
 z - a scroll of fear {unknown}
 C - 2 scrolls of noise {unknown}
 I - a scroll of holy word
 K - 3 scrolls of random uselessness {unknown}
Potions
 b - 2 potions of might
 g - a potion of cancellation
 i - 3 potions of curing
 l - 3 potions of resistance
 o - 2 potions of flight
 s - a potion of haste
 t - a potion of lignification
 v - 3 potions of magic
 E - a potion of brilliance {unknown}
Comestibles
 c - 16 rations


   Skills:
 - Level 11.4 Fighting
 + Level 10.0 Long Blades
 + Level 0.1 Bows
 - Level 10.1 Armour
 - Level 10.0 Dodging


You had 10 spell levels left.
You didn't know any spells.
Your spell library contained the following spells:

 Spells                   Type           Power        Failure   Level  Hunger
 Magic Dart               Conj           #...         52%         1    ##.....
 Sting                    Conj/Pois      #...         52%         1    ##.....
 Poisonous Vapours        Pois/Air       #.....       65%         2    ###....
 Searing Ray              Conj           #.....       65%         2    ###....
 Dazzling Spray           Conj/Hex       #.....       87%         3    ####...
 Mephitic Cloud           Conj/Pois/Air  #.......     87%         3    ####...
 Force Lance              Conj/Tloc      #.......     99%         4    #####..
 Fulminant Prism          Conj/Hex       #.........   99%         4    #####..
 Iskenderun's Mystic Bla  Conj           #.......     99%         4    #####..
 Olgreb's Toxic Radiance  Pois           #.......     99%         4    #####..
 Venom Bolt               Conj/Pois      #.........   100%        5    ######.


Dungeon Overview and Level Annotations

Branches:
Dungeon (9/15)             Temple (0/1) D:7            Lair (0/6) D:9
    Orc: D:9-12

Altars:
Dithmenos
Gozag
Nemelex Xobeh
Okawaru
Qazlal
Ru
Trog
Zin
The Shining One

Shops:
D:9 =


Innate Abilities, Weirdness & Mutations

You reflexively headbutt those who attack you in melee.
You have a pair of horns on your head.


Message History

You feel agile all of a sudden.
You are engulfed in calcifying dust.
Your limbs have turned to stone.
The catoblepas gores you!!
* * * LOW HITPOINT WARNING * * *
The catoblepas gores you but does no damage.
You have turned to stone.
You are engulfed in calcifying dust.
The catoblepas gores you.
* * * LOW HITPOINT WARNING * * *
You are engulfed in calcifying dust.
The catoblepas breathes a plume of calcifying dust at you.
The blast of calcifying dust hits you!
* * * LOW HITPOINT WARNING * * *
The catoblepas gores you.
The catoblepas breathes a plume of calcifying dust at you.
The blast of calcifying dust hits you!
* * * LOW HITPOINT WARNING * * *
You are engulfed in calcifying dust.
The catoblepas gores you but does no damage.
You are engulfed in calcifying dust.
The catoblepas gores you!!
You die...

## ##..........#.##
##..# #
##.........##.## #....
# ##........#...#
##.... ##
##########'#### #.....
.## #...#...#.##
#..... ..##
+..$#...#..###..>..
...##
#...#...#...#......
....##
#.Y##...#..........
.....###
#.@##..###.........
.......########.###..#
#...###...
........#......##.#..#
#..## ##..
........#.....##.['.##
#..# ###
........#...###...#.#
#..#####..
........##'#####'####
#..##.....
........#.........#
#.###.....
........#.......###
####.# #.....
.....#..#....####
##.#..# ##....


You could see a catoblepas.

Vanquished Creatures
  Harold (D:9)
  Erica (D:8)
  A two-headed ogre (D:8)
  Pikel (D:8)
  A manticore (D:9)
  The ghost of CaptainPlanet the Reanimator, a novice DENe (D:5)
  A hippogriff (D:9)
  Sigmund (D:6)
  A spriggan (D:9)
  A wyvern (D:9)
  Eustachio (D:6)
  2 hungry ghosts
  Edmund (D:6)
  3 orc warriors
  3 black bears
  A sky beast (D:7)
  2 ice beasts
  4 ogres
  2 centaurs
  6 bullfrogs
  A water moccasin zombie (D:7)
  2 scorpions
  5 killer bees (D:9)
  5 wights (D:9)
  3 howler monkeys
  4 crimson imps
  3 quasits
  A hound (D:6)
  Crazy Yiuf (D:3)
  2 centaur skeletons (D:8)
  8 orc priests
  2 jellies (D:5)
  10 orc wizards
  A bullfrog skeleton (D:9)
  Jessica (D:2)
  An iguana (D:4)
  4 worker ants
  2 worker ant zombies (D:5)
  9 gnolls
  8 adders
  A shadow imp (D:5)
  A worker ant simulacrum (D:9)
  4 adder skeletons
  3 worms
  3 dart slugs
  12 leopard geckos
  27 orcs
  2 ball pythons
  7 bats
  7 giant cockroaches
  8 goblins
  12 hobgoblins
  9 jackals
  5 quokkas
  7 frilled lizards
  A jackal skeleton (D:6)
  44 kobolds
  A leopard gecko skeleton (D:4)
  A leopard gecko zombie (D:5)
  10 rats
273 creatures vanquished.

Vanquished Creatures (collateral kills)
  5 big kobolds (D:5)
  A gnoll (D:5)
  3 hobgoblins (D:5)
9 creatures vanquished.

Vanquished Creatures (others)
  4 slaves (D:8)
  An orc wizard (D:9)
  An orc (D:9)
6 creatures vanquished.

Grand Total: 288 creatures vanquished

Notes
Turn   | Place    | Note
-------+----------+-------------------------------------------
     0 | D:1      | Grim the Minotaur Berserker began the quest for the Orb.
     0 | D:1      | Reached XP level 1. HP: 19/19 MP: 0/0
    85 | D:1      | Reached XP level 2. HP: 26/26 MP: 1/1
   420 | D:1      | Reached skill level 5 in Long Blades
   425 | D:1      | Reached XP level 3. HP: 29/31 MP: 2/2
   455 | D:1      | You fall through a shaft!
   512 | D:2      | Reached ** piety under Trog
   585 | D:2      | Reached XP level 4. HP: 39/39 MP: 3/3
  1448 | D:2      | Noticed Jessica
  1449 | D:2      | Killed Jessica
  1449 | D:2      | Reached XP level 5. HP: 43/45 MP: 4/4
  1462 | D:2      | Reached *** piety under Trog
  1703 | D:2      | Found a bloodstained altar of Trog.
  1927 | D:3      | Found an opulent altar of Gozag.
  2735 | D:3      | Found a sparkling altar of Nemelex Xobeh.
  2768 | D:3      | Found a glowing golden altar of the Shining One.
  3252 | D:3      | Found a runed door.
  3256 | D:3      | Noticed Crazy Yiuf
  3260 | D:3      | Killed Crazy Yiuf
  3413 | D:4      | Reached XP level 6. HP: 48/51 MP: 5/5
  3581 | D:4      | Reached **** piety under Trog
  4512 | D:5      | Entered Level 5 of the Dungeon
  4553 | D:5      | Found an iron altar of Okawaru.
  4998 | D:5      | Reached XP level 7. HP: 57/57 MP: 6/6
  5025 | D:5      | Found a shadowy altar of Dithmenos.
  5050 | D:5      | Reached skill level 10 in Long Blades
  5164 | D:5      | Found a transporter.
  5167 | D:5      | Noticed CaptainPlanet's ghost (novice DENe)
  5170 | D:5      | Found a transporter.
  5173 | D:5      | Noticed a hungry ghost
  5355 | D:5      | Reached skill level 4 in Fighting
  5489 | D:5      | Reached skill level 5 in Fighting
  5494 | D:5      | Reached skill level 6 in Fighting
  6187 | D:5      | Killed a hungry ghost
  6187 | D:5      | Reached skill level 7 in Fighting
  6187 | D:5      | Reached XP level 8. HP: 73/73 MP: 7/7
  6191 | D:5      | Killed CaptainPlanet's ghost
  6191 | D:5      | Reached skill level 8 in Fighting
  6313 | D:6      | Found a glowing silver altar of Zin.
  6314 | D:6      | Noticed an angel
  6348 | D:6      | Reached skill level 9 in Fighting
  6605 | D:6      | Reached skill level 10 in Fighting
  6637 | D:6      | Noticed Edmund
  6643 | D:6      | Found a sacrificial altar of Ru.
  6656 | D:6      | Killed Edmund
  7004 | D:6      | Noticed Sigmund
  7016 | D:6      | Killed Sigmund
  7016 | D:6      | Reached skill level 11 in Fighting
  7016 | D:6      | Reached XP level 9. HP: 89/89 MP: 8/8
  7092 | D:6      | Noticed a moth of wrath
  7092 | D:6      | Noticed Eustachio
  7113 | D:6      | Killed Eustachio
  7118 | D:6      | Found a bloodstained altar of Trog.
  8065 | D:7      | Reached skill level 5 in Armour
  8693 | D:7      | Found a staircase to the Ecumenical Temple.
  8812 | D:7      | Reached ***** piety under Trog
  8982 | D:7      | Found a stormy altar of Qazlal.
  9289 | D:8      | Noticed Erica
  9295 | D:8      | Killed Erica
  9295 | D:8      | Reached XP level 10. HP: 96/96 MP: 9/9
  9298 | D:8      | Reached skill level 10 in Armour
  9464 | D:8      | Noticed Pikel
  9472 | D:8      | Noticed a two-headed ogre
  9474 | D:8      | Killed Pikel
  9536 | D:8      | Killed a two-headed ogre
  9536 | D:8      | Reached skill level 5 in Dodging
  9864 | D:9      | Noticed Harold
  9881 | D:9      | Killed Harold
 10091 | D:9      | Noticed a manticore
 10094 | D:9      | Killed a manticore
 10341 | D:9      | Found Ozomut's Jewellery Shoppe.
 10346 | D:9      | Bought an uncursed ring of see invisible for 225 gold
                  | pieces
 10789 | D:9      | Reached XP level 11. HP: 102/102 MP: 10/10
 10809 | D:9      | Reached skill level 10 in Dodging
 10952 | D:9      | Found a staircase to the Lair.
 11167 | D:9      | Noticed a catoblepas
 11192 | D:9      | Slain by a catoblepas

Skill      XL: |  1  2  3  4  5  6  7  8  9 10 11 |
---------------+----------------------------------+-----
Long Blades    | 4 5 6 7 8 9 10 | 10.0
Fighting       | 7 11 | 11.4
Armour         | 9 10 | 10.1
Dodging        | 9 10 | 10.0
Bows           | |  0.1

Action                   |  1- 3 |  4- 6 |  7- 9 | 10-12 || total
-------------------------+-------+-------+-------+-------++-------
Melee: Falchion          |    40 |   174 |   333 |     2 ||   549
       Headbutt          |     8 |    28 |    62 |    23 ||   121
       Scimitar          |       |       |       |   111 ||   111
Invok: Berserk           |     2 |     3 |     7 |     5 ||    17
       Trog's Hand       |       |       |     4 |     2 ||     6
       Brothers in Arms  |       |       |     1 |       ||     1
  Use: Scroll            |       |     3 |     8 |     2 ||    13
       Potion            |       |       |       |     3 ||     3
 Stab: Sleeping          |     2 |     1 |       |       ||     3
  Eat: Chunk             |       |    13 |    16 |     6 ||    35
       Ration            |       |     1 |     3 |     2 ||     6
Armor: Animal skin       |     6 |     7 |       |       ||    13
       Leather armour    |       |    36 |    68 |    34 ||   138
Dodge: Dodged            |    21 |   130 |   157 |    99 ||   407
       Rpst.: Falchion   |     7 |    28 |    33 |       ||    68
       Scimitar          |       |       |       |    27 ||    27
